 Dungeon Crawl Stone Soup version 0.30-a0-165-g1891117ce2 (webtiles) character file.

Game seed: 3215470647582127589

621 qw the Chopper (level 7, -11/44 HPs)
             Began as a Gargoyle Fighter on Sept 28, 2022.
             Mangled by a wight
             ... wielding a +0 great sword
              (16 damage)
             ... on level 5 of the Dungeon.
             The game lasted 00:01:31 (4827 turns).

qw the Chopper (Gargoyle Fighter)                   Turns: 4827, Time: 00:01:31

Health: -11/44     AC: 15    Str: 18 (21) XL:     7   Next: 46%
Magic:  0/7        EV:  6    Int:  7 (9)  God:
Gold:   240        SH:  4    Dex:  8 (9)  Spells: 6/6 levels left

rFire   + . .      SeeInvis .    Y - +1 war axe
rCold   . . .      Faith    .    c - +0 buckler
rNeg    + . .      Spirit   +    m - +0 chain mail {rF+}
rPois   inf        Reflect  .    (no helmet)
rElec   +          Harm     .    (no cloak)
rCorr   +          Rampage  .    (no gloves)
Will    +....                    (no boots)
Stlth   ..........               a - amulet of guardian spirit
HPRegen 0.14/turn                i - ring of resist corrosion
MPRegen 0.10/turn                f - ring of willpower

@: no status effects
A: sickness immunity, AC +4, negative energy resistance 1, electricity
resistance, torment resistance 1, petrification resistance, iridescent scales 1,
passive freeze, sense surroundings 1, screaming 1
a: no special abilities


You were on level 5 of the Dungeon.
You visited 1 branch of the dungeon, and saw 5 of its levels.

You collected 240 gold pieces.


Innate Abilities, Weirdness & Mutations

You are immune to sickness and miasma.
Your stone body is resilient. (AC +4)
You are immune to poison.
You resist negative energy. (rN+)
You are resistant to electric shocks. (rElec)
You are resistant to unholy torment.
You are immune to petrification.
You are partially covered in iridescent scales. (AC +2)
A frigid envelope surrounds you and freezes all who hurt you.
You passively map a small area around you.
You occasionally shout uncontrollably at your foes.


   Skills:
 + Level 4.3 Fighting
 - Level 7.0 Axes
 - Level 3.2 Armour
 - Level 3.2 Shields


You had 6 spell levels left.
You didn't know any spells.
Your spell library was empty.

Inventory:

Hand Weapons
 r - a +0 flail
 Y - a +1 war axe (weapon)
Missiles
 h - 3 boomerangs (quivered)
Armour
 c - a +0 buckler (worn)
 m - a +0 chain mail of fire resistance (worn)
Jewellery
 a - an amulet of guardian spirit (around neck)
 f - a ring of willpower (right hand)
 i - a ring of resist corrosion (left hand)
Scrolls
 s - 2 scrolls of identify
Potions
 b - a potion of cancellation {unknown}
 d - a potion of might
 e - a potion of invisibility {unknown}
 g - a potion of mutation
 j - 2 potions of curing
 k - a potion of magic {unknown}
 l - a potion of haste {unknown}
 q - a potion of ambrosia {unknown}
 u - a potion of flight {unknown}

Dungeon Overview and Level Annotations

Branches:
Dungeon (5/15)
 Temple: D:4-7

Altars:
Qazlal
Sif Muna
Vehumet

Shops:
D:2 [   D:3 [


Message History

You completely miss the wight.
The wight is heavily damaged.
You barely miss the wight. You hit the wight. The wight barely misses you.
The wight hits you with a +0 mace.
The wight resists.
The wight is very cold.
The wight is lightly damaged.
The wight hits you with a +0 great sword.
The wight resists.
The wight is very cold.
The wight is heavily damaged.
You hit the wight.
The wight is almost destroyed.
You barely miss the wight. You closely miss the wight.
The wight hits you with a +1 great sword!
The wight completely resists.
The wight barely misses you.
You closely miss the wight.
The wight is almost destroyed.
You closely miss the wight. You hit the wight. x2
The wight hits you with a +1 great sword.
The wight resists.
The wight is very cold.
The wight is heavily damaged.
The wight hits you but does no damage.
The wight completely resists.
The wight completely misses you. x2
You barely miss the wight.
The wight is almost destroyed.
You hit the wight. x2; You closely miss the wight.
The wight hits you with a +1 great sword.
The wight resists.
The wight is very cold.
You destroy the wight!
The wight hits you but does no damage.
The wight resists.
The wight is very cold.
The wight is almost destroyed.
The wight completely misses you. The wight hits you but does no damage.
The wight completely resists.
The wight hits you with a +0 long sword.
The wight resists.
The wight is very cold.
The wight is moderately damaged.
The wight hits you with a +0 mace!
The wight resists.
The wight is very cold.
The wight is moderately damaged.
The wight hits you with a +0 great sword!
You die...

# * #. #.# * * * , , #
#.##.# # #.##.# * + #
#.##.# #+## # * #.##.#
*#...## # #.###.##.#
#.....# #
#........#####....... ,
########......##zz......
*
...............'@z......
..######....#.##.c......
..# #....##.###....... *
..# #...###.# *#.....# ,
.## #...# #.# #...## * ,
## ##... ... *#+##
#.<###.# #...,..# ### *


You could see a centaur and 3 wights.

Vanquished Creatures
  3 scorpions
  A wight (D:5)
  3 orc priests
  Jessica (D:2)
  2 iguanas (D:4)
  5 orc wizards
  6 adders
  A worm (D:4)
  2 dart slugs
  15 orcs
  4 bats
  6 endoplasms
  A giant cockroach (D:3)
  2 goblins (D:3)
  11 hobgoblins
  9 jackals
  6 kobolds
  5 quokkas
  3 ball pythons
  4 frilled lizards
  2 rats (D:2)
92 creatures vanquished.

Notes
Turn   | Place    | Note
-------+----------+-------------------------------------------
     0 | D:1      | qw the Gargoyle Fighter began the quest for the Orb.
     0 | D:1      | Reached XP level 1. HP: 14/14 MP: 1/1
     0 | D:1      | 0 ||| qw: Version: 0.2-a-12-gaebbb33
     0 | D:1      | 0 ||| qw: Game counter: 746
     0 | D:1      | 0 ||| qw: Always use a shield: true
     0 | D:1      | 0 ||| qw: God list: Okawaru
     0 | D:1      | 0 ||| qw: Allow faded altars: false
     0 | D:1      | 0 ||| qw: Do Orc after D:15 true
     0 | D:1      | 0 ||| qw: Do second Lair branch before Depths: true
     0 | D:1      | 0 ||| qw: Lair rune preference: random
     0 | D:1      | 0 ||| qw: Plans: Normal, Zot:1-4, God:TSO, Crypt, Tomb,
                  | Pan, Slime:5, Hells, Abyss, Orb
     0 | D:1      | 0 ||| PLANNING D:1-11
    13 | D:1      | Reached skill level 2 in Axes
    15 | D:1      | 15 ||| Stepping ~*~*~tactically~*~*~ (stealth).
    17 | D:1      | 17 ||| Stepping ~*~*~tactically~*~*~ (stealth).
    28 | D:1      | Reached XP level 2. HP: 14/19 MP: 2/2
   387 | D:1      | 387 ||| Stepping ~*~*~tactically~*~*~ (stealth).
   391 | D:1      | 391 ||| Stepping ~*~*~tactically~*~*~ (stealth).
   392 | D:1      | 392 ||| Stepping ~*~*~tactically~*~*~ (stealth).
   532 | D:1      | Reached skill level 3 in Axes
   717 | D:1      | Reached XP level 3. HP: 20/23 MP: 3/3
  1232 | D:1      | 1232 ||| UPGRADING to ring of resist corrosion.
  1233 | D:1      | 1233 ||| READING scroll labelled BIURET XOUXT.
  1234 | D:1      | 1234 ||| READING scroll labelled TARACO JUEJO.
  1235 | D:1      | 1235 ||| READING scroll labelled ZUENA SUUSTRU.
  1236 | D:1      | 1236 ||| READING scroll labelled HITEER XIM.
  1283 | D:2      | Noticed Jessica
  1288 | D:2      | Killed Jessica
  1382 | D:2      | Reached XP level 4. HP: 25/28 MP: 4/4
  1382 | D:2      | 1382 ||| FLEEEEING.
  1384 | D:2      | 1384 ||| FLEEEEING.
  1385 | D:2      | 1385 ||| FLEEEEING.
  1386 | D:2      | 1386 ||| FLEEEEING.
  1387 | D:2      | 1387 ||| FLEEEEING.
  1388 | D:2      | 1388 ||| FLEEEEING.
  1445 | D:2      | 1445 ||| Stepping ~*~*~tactically~*~*~ (hiding).
  1446 | D:2      | 1446 ||| Stepping ~*~*~tactically~*~*~ (hiding).
  1457 | D:2      | Reached skill level 4 in Axes
  1497 | D:2      | 1497 ||| FLEEEEING.
  1634 | D:2      | 1634 ||| Stepping ~*~*~tactically~*~*~ (stealth).
  1647 | D:2      | Reached XP level 5. HP: 23/32 MP: 5/5
  1755 | D:2      | 1755 ||| Stepping ~*~*~tactically~*~*~ (stealth).
  1767 | D:2      | 1767 ||| Stepping ~*~*~tactically~*~*~ (stealth).
  1780 | D:2      | 1780 ||| DROPPING +0 whip.
  1841 | D:2      | Reached skill level 5 in Axes
  2065 | D:2      | Found Vuqiurgh's Antique Armour Shop.
  2074 | D:2      | 2074 ||| SHOPLISTING cloak (139 gold, have 72).
  2214 | D:2      | 2214 ||| UPGRADING to +0 chain mail.
  2224 | D:2      | 2224 ||| DROPPING +0 scale mail.
  2225 | D:2      | 2225 ||| UPGRADING to +0 chain mail of fire resistance.
  2235 | D:2      | 2235 ||| DROPPING +0 chain mail.
  2236 | D:2      | 2236 ||| UPGRADING to amulet of guardian spirit.
  2241 | D:2      | 2241 ||| DROPPING amulet of magic regeneration.
  2242 | D:2      | 2242 ||| READING scroll labelled SUMEG ADWOITUSS.
  2243 | D:2      | 2243 ||| DRINKING 2 lumpy green potions.
  2373 | D:3      | Found Nueci's Armour Shop.
  2402 | D:3      | 2402 ||| Stepping ~*~*~tactically~*~*~ (stealth).
  2426 | D:3      | 2426 ||| SHOPLISTING +0 cloak of preservation (138 gold,
                  | have 82).
  2426 | D:3      | 2426 ||| SHOPLISTING +2 chain mail of poison resistance
                  | (222 gold, have 82).
  2576 | D:3      | Reached XP level 6. HP: 38/38 MP: 6/6
  2662 | D:3      | 2662 ||| Stepping ~*~*~tactically~*~*~ (stealth).
  2663 | D:3      | 2663 ||| Stepping ~*~*~tactically~*~*~ (stealth).
  2754 | D:3      | Found a radiant altar of Vehumet.
  2755 | D:3      | 2755 ||| Stepping ~*~*~tactically~*~*~ (hiding).
  2756 | D:3      | 2756 ||| Stepping ~*~*~tactically~*~*~ (hiding).
  2759 | D:3      | 2759 ||| Stepping ~*~*~tactically~*~*~ (hiding).
  2770 | D:3      | 2770 ||| FLEEEEING.
  2771 | D:3      | 2771 ||| FLEEEEING.
  2772 | D:3      | 2772 ||| FLEEEEING.
  2773 | D:3      | 2773 ||| FLEEEEING.
  2774 | D:3      | 2774 ||| FLEEEEING.
  2775 | D:3      | 2775 ||| FLEEEEING.
  2776 | D:3      | 2776 ||| FLEEEEING.
  2777 | D:3      | 2777 ||| STAIRDANCE
  2940 | D:3      | 2940 ||| Stepping ~*~*~tactically~*~*~ (stealth).
  2943 | D:3      | 2943 ||| Stepping ~*~*~tactically~*~*~ (stealth).
  3177 | D:3      | Found a stormy altar of Qazlal.
  3495 | D:3      | 3495 ||| DRINKING 2 lumpy orange potions.
  3496 | D:3      | 3496 ||| DROPPING potion of degeneration.
  3522 | D:4      | HP: 8/38 [iguana (8)]
  3562 | D:4      | 3562 ||| FLEEEEING.
  3563 | D:4      | 3563 ||| FLEEEEING.
  3564 | D:4      | 3564 ||| STAIRDANCE
  3805 | D:4      | Reached skill level 6 in Axes
  3805 | D:4      | 3805 ||| STAIRDANCE
  3969 | D:4      | 3969 ||| Stepping ~*~*~tactically~*~*~ (hiding).
  3978 | D:4      | Reached XP level 7. HP: 38/43 MP: 4/7
  4073 | D:4      | Found a shimmering blue altar of Sif Muna.
  4276 | D:4      | 4276 ||| Stepping ~*~*~tactically~*~*~ (hiding).
  4280 | D:4      | 4280 ||| Stepping ~*~*~tactically~*~*~ (hiding).
  4293 | D:4      | Reached skill level 7 in Axes
  4398 | D:4      | 4398 ||| DROPPING +2 whip of venom.
  4659 | D:4      | 4659 ||| UPGRADING to ring of willpower.
  4660 | D:4      | 4660 ||| READING scroll labelled RUMIDOSUSO.
  4761 | D:4      | 4761 ||| READING scroll labelled HUKAIM SYZY.
  4762 | D:4      | 4762 ||| READING scroll labelled OXUYVENKUI.
  4766 | D:4      | 4766 ||| DRINKING 2 fizzy silvery potions.
  4766 | D:4      | Gained mutation: A frigid envelope surrounds you and
                  | freezes all who hurt you. [potion of mutation]
  4766 | D:4      | Gained mutation: You passively map a small area around you.
                  | [potion of mutation]
  4766 | D:4      | Gained mutation: You occasionally shout uncontrollably at
                  | your foes. [potion of mutation]
  4766 | D:4      | Gained mutation: You are partially covered in iridescent
                  | scales. (AC +2) [potion of mutation]
  4767 | D:4      | 4767 ||| DRINKING 2 murky inky potions.
  4768 | D:4      | 4768 ||| DROPPING potion of brilliance.
  4782 | D:5      | Entered Level 5 of the Dungeon
  4827 | D:5      | HP: 5/44 [wight/+0 mace (8)]
  4827 | D:5      | Mangled by a wight

Levels and vault maps discovered:
D:1:      elethiomel_arrival_infinity_welcomes_careful_drivers,
          layout_loops_ring, amethyst_killhole
D:2:      layout_basic, serial_shops, shop, uniq_jessica
D:3:      layout_basic, vehumet_altar_wand_db, mainiacjoe_overflow_24_doors,
          serial_shops, nicolae_shop_waterfront
D:4:      nicolae_cairo_tiling_large_dashed, layout_cave_pools,
          mainiacjoe_overflow_brackets, kennysheep_generic_room_6
D:5:      layout_loops_corners, mainiacjoe_overflow_alcove_4, uniq_blork_the_orc

Skill      XL: |  1  2  3  4  5  6  7 |
---------------+----------------------+-----
Axes           | 2 3 4 5 6 7 |  7.0
Fighting       | 4 |  4.3
Armour         | |  3.2
Shields        | |  3.2

Action                   |  1- 3 |  4- 6 |  7- 9 || total
-------------------------+-------+-------+-------++-------
Melee: War axe           |    70 |   152 |    59 ||   281
Throw: Boomerang         |       |       |     3 ||     3
  Use: Scroll            |     4 |     1 |     3 ||     8
       Potion            |       |     2 |     2 ||     4
Armor: Scale mail        |    41 |    16 |       ||    57
       Chain mail        |       |    76 |    38 ||   114
Dodge: Dodged            |    33 |    52 |    18 ||   103
Block: Buckler           |    16 |    30 |     6 ||    52

Table legend:
 A = Non-vault XP
 B = Vault XP
 C = Vault XP percentage of total XP
 D = Non-vault monster count
 E = Vault monster count
 F = Vault count percentage of total count
                 A         B        C        D         E       F
            +---------+---------+-------+---------+---------+-------
      Total |     916 |      46 |   4.8 |      88 |       4 |   4.3
            +---------+---------+-------+---------+---------+-------
        D:1 |      41 |       0 |   0.0 |      21 |       0 |   0.0
        D:2 |     153 |      37 |  19.5 |      18 |       1 |   5.3
        D:3 |     222 |       2 |   0.9 |      25 |       1 |   3.8
        D:4 |     424 |       7 |   1.6 |      22 |       2 |   8.3
        D:5 |      76 |       0 |   0.0 |       2 |       0 |   0.0
            +---------+---------+-------+---------+---------+-------
